 Dungeon Crawl Stone Soup version 0.30-a0-42-g806c11bf1d (webtiles) character file.

Game seed: 1400833810889477101

5 Kinoniko the Trooper (level 1, -2/19 HPs)
             Began as a Hill Orc Fighter on Aug 30, 2022.
             Slain by a gnoll
             ... wielding a +2 vorpal flail
              (3 damage)
             ... on level 1 of the Dungeon.
             The game lasted 00:00:28 (225 turns).

Kinoniko the Trooper (Hill Orc Fighter)              Turns: 225, Time: 00:00:28

Health: -2/19      AC:  6    Str: 18    XL:     1   Next: 80%
Magic:  1/1        EV:  9    Int:  8    God:
Gold:   0          SH:  4    Dex: 10    Spells: 0/0 levels left

rFire   . . .      SeeInvis .    a - +0 war axe
rCold   . . .      Faith    .    c - +0 buckler
rNeg    . . .      Spirit   .    b - +0 scale mail
rPois   .          Reflect  .    (no helmet)
rElec   .          Harm     .    (no cloak)
rCorr   .          Rampage  .    (no gloves)
Will    .....                    (no boots)
Stlth   ..........               (no amulet)
HPRegen 0.06/turn                (no ring)
MPRegen 0.07/turn                (no ring)

@: no status effects
A: no striking features
a: no special abilities


You were on level 1 of the Dungeon.
You visited 1 branch of the dungeon, and saw 1 of its levels.

Inventory:

Hand Weapons
 a - a +0 war axe (weapon)
Armour
 b - a +0 scale mail (worn)
 c - a +0 buckler (worn)
Potions
 d - a potion of might
 e - a potion of degeneration {unknown}


   Skills:
 - Level 3.6 Fighting
 * Level 3.4 Axes
 - Level 3.2 Armour
 - Level 3.2 Shields


You couldn't memorise any spells.
You didn't know any spells.
Your spell library was empty.

Dungeon Overview and Level Annotations

Branches:
Dungeon (1/15)

Altars:

Shops:
D:1 ((


Message History

Found Diluqay's Weapon Boutique.
A kobold comes into view. It is wielding a +0 short sword.
The kobold shouts!
A kobold is nearby!
The kobold barely misses you.
You barely miss the kobold. The kobold hits you but does no damage.
You barely miss the kobold. The kobold hits you but does no damage.
You slash the kobold!
You kill the kobold!
No target in view!
No target in view!
No target in view!
No target in view!
No target in view!
No target in view!
No target in view!
No target in view!
No target in view!
No target in view!
Things that are here:
a +0 short sword; a kobold corpse
There is an entrance to Diluqay's Weapon Boutique here.
A gnoll comes into view. It is wielding a +2 vorpal flail.
Found a murky black potion.
The gnoll shouts!
You hear an angry hiss.
A ball python comes into view.
A giant cockroach comes into view.
A hobgoblin comes into view.
The hobgoblin shouts!
You hit the gnoll.
The gnoll is moderately wounded.
The gnoll hits you with a +2 vorpal flail.
You closely miss the gnoll.
The gnoll is moderately wounded.
The gnoll hits you with a +2 vorpal flail.
You hit the gnoll but do no damage.
The gnoll is moderately wounded.
A hobgoblin comes into view.
The gnoll hits you with a +2 vorpal flail!
* * * LOW HITPOINT WARNING * * *
You die...

.....##
#####.##.#..#
..#..#
#.....#.##.#.>#.#
.......
#.....#.........#
.....##
g....###.##.#.##
.... # g.!.#
#.##.# ...#
#)...# .S#
#..###.# #g#
#∩.....#
####@####.#####
#.........#
#....B..######
#.##.##.# ... ..#
... ##.# ..# #.#
#. #.# ..


You could see a gnoll, a giant cockroach, 2 hobgoblins and a ball python.

Vanquished Creatures
  A goblin (D:1)
  A hobgoblin (D:1)
  A kobold (D:1)
  A quokka (D:1)
4 creatures vanquished.

Notes
Turn   | Place    | Note
-------+----------+-------------------------------------------
     0 | D:1      | Kinoniko the Hill Orc Fighter began the quest for the Orb.
     0 | D:1      | Reached XP level 1. HP: 19/19 MP: 1/1
    48 | D:1      | Found Geaggotz's Weapon Shoppe.
   205 | D:1      | Found Diluqay's Weapon Boutique.
   225 | D:1      | Slain by a gnoll

Illustrated notes

Levels and vault maps discovered:
D:1:      minmay_arrival_four_houses, layout_loops_cross, serial_shops,
          nicolae_shop_bloodbath_and_beyond, shop, shop, nicolae_shop_crystal,
          nicolae_shop_waterfront, minmay_tetromino_l2

Skill      XL: |  1 |
---------------+----+-----
Axes           | 3 |  3.4
Fighting       | |  3.6
Armour         | |  3.2
Shields        | |  3.2

Action                   || total
-------------------------++-------
Melee: War axe           ||    24
Armor: Scale mail        ||     7
Dodge: Dodged            ||    12
Block: Buckler           ||     4

Table legend: (Time is in decaauts)
 A = Elapsed time spent in this place.
 B = Non-inter-level travel time spent in this place.
 C = Inter-level travel time spent in this place.
 D = Time resting spent in this place.
 E = Time spent auto-exploring this place.
 F = Levels seen in this place.
 G = Mean time per level.
                   A        B        C        D        E       F      G
               +--------+--------+--------+--------+--------+-----+--------+
         Total |    233 |    233 |      0 |      0 |    180 |   1 |  233.0 |
       Dungeon |    233 |    233 |      0 |      0 |    180 |   1 |  233.0 |
               +--------+--------+--------+--------+--------+-----+--------+

Top non-repeatable levels by time:
     D:1: 233 daAuts
